 Dungeon Crawl Stone Soup version 0.31-a0-233-g139696dc86 (webtiles) character file.

Game seed: 7475559286881535992

17577 Gargoyl the Cleaver (level 12, -3/76 HPs)
             Began as a Gargoyle Berserker on July 9, 2023.
             Was a Priest of Trog.
             Slain by a cyclops (9 damage)
             ... on level 11 of the Dungeon.
             The game lasted 00:15:49 (9784 turns).

Gargoyl the Cleaver (Gargoyle Berserker)            Turns: 9784, Time: 00:15:49

Health: -3/76      AC: 27    Str: 21    XL:     12   Next: 49%
Magic:  12/12      EV: 12    Int:  9    God:    Trog [***...]
Gold:   393        SH: 12    Dex: 13    Spells: 11/11 levels left

rFire   + . .        a - +1 hand axe (chaos)
rCold   . . .        j - +1 kite shield
rNeg    + . .        b - +4 ring mail {rF+}
rPois   ∞            A - +1 hat
rElec   +            i - +2 cloak
rCorr   +            g - +2 pair of gloves
SInv    .            (no boots)
Will    .....        (no amulet)
Stlth   +            p - ring of resist corrosion
HPRegen 0.32/turn    (no ring)
MPRegen 0.13/turn

%: no passive effects
@: no status effects
A: sickness immunity, AC +8, negative energy resistance 1, electricity
resistance, torment resistance 1, petrification resistance
a: Renounce Religion, Berserk, Trog's Hand


You were on level 11 of the Dungeon.
You worshipped Trog.
Trog was most pleased with you.
You visited 1 branch of the dungeon, and saw 11 of its levels.

You collected 469 gold pieces.
You spent 76 gold pieces at shops.

Inventory:

Hand Weapons
 a - a +1 hand axe of chaos (weapon)
 n - a +1 long sword of flaming
 C - the +2 spear "Gimoyzum" {holy, rElec Will++}
   (You took it off an orc warrior on level 11 of the Dungeon)

   rElec:     It insulates you from electricity.
   Will:      It greatly increases your willpower.
Missiles
 s - a curare-tipped dart (quivered)
Armour
 b - a +4 ring mail of fire resistance (worn)
 g - a +2 pair of gloves (worn)
 i - a +2 cloak (worn)
 j - a +1 kite shield (worn)
 A - a +1 hat (worn)
Jewellery
 p - a ring of resist corrosion (left hand)
Wands
 l - a wand of charming (17)
 m - a wand of light (9)
 u - a wand of iceblast (11)
 v - a wand of mindburst (2)
 y - a wand of polymorph (5)
Scrolls
 c - a scroll of enchant armour
 d - a scroll of noise {unknown}
 h - 3 scrolls of teleportation
 t - a scroll of revelation
 w - a scroll of fog
 z - a scroll of blinking
Potions
 e - a potion of resistance
 f - a potion of ambrosia {unknown}
 o - a potion of enlightenment {unknown}
 q - 2 potions of mutation {unknown}
 r - 3 potions of haste
 x - a potion of cancellation {unknown}
 B - a potion of lignification {unknown}
 D - a potion of magic {unknown}
 E - 2 potions of invisibility


   Skills:
 + Level 9.1 Fighting
 + Level 0.2 Long Blades
 + Level 10.7(11.4) Axes
 + Level 6.3(9.4) Polearms
 + Level 8.1 Armour
 + Level 6.0 Dodging
 + Level 2.1 Stealth
 + Level 9.4 Shields


You had 11 spell levels left.
You didn't know any spells.
Your spell library was empty.

Dungeon Overview and Level Annotations

Branches:
Dungeon (11/15)            Temple (0/1) D:7             Orc (0/2) D:9
   Lair: D:8-11

Altars:
Sif Muna
Uskayaw
Vehumet
Xom

Shops:
D:3 :[***

Portals:
Trove: D:11 (give horn of Geryon)

Annotations:
D:11 Urug


Innate Abilities, Weirdness & Mutations

You are immune to sickness and miasma.
Your stone body is resilient. (AC +8)
You are immune to poison.
You resist negative energy. (rN+)
You are resistant to electric shocks. (rElec)
You are resistant to unholy torment.
You are immune to petrification.


Message History

The yak is moderately wounded.
You hit the yak. You burn the yak. You block the yak's attack.
The yak gores you!
You hit the yak.
The yak looks even sicker.
The yak is heavily wounded.
You barely miss the yak.
You recover from your berserk rage.
You block the yak's attack. x2
You hit the yak.
You feel better.
The yak is severely wounded.
You hit the yak but do no damage. You block the yak's attack.
The yak gores you but does no damage.
Unknown command.
You hit the yak.
The yak looks as sick as possible!
The yak is almost dead.
You slash the yak! You freeze the yak.
You kill the yak!
Trog accepts your kill. The yak closely misses you.
Unknown command.
You slash the yak! You freeze the yak.
You kill the yak!
Trog accepts your kill.
The cyclops throws a large rock.
The large rock hits you!
The cyclops hits you but does no damage.
You block the cyclops's attack.
Unknown command.
You barely miss the cyclops. You slash the cyclops!
Unknown command.
You barely miss the cyclops. You hit the cyclops but do no damage.
The cyclops barely misses you. The cyclops hits you!!
* * * LOW HITPOINT WARNING * * *
You barely miss the cyclops. You hit the cyclops.
Unknown command.
You slash the cyclops!
The cyclops resists with almost no effort.
The cyclops is lightly wounded.
You hit the cyclops. You burn the cyclops. You block the cyclops's attack.
The cyclops hits you!
You die...

#..§..#.#..
###.####.#.
##.....###.#
##.#####.###. ##
####.##.).##.### #
##.##.#.##....J##.##
#.#.....#)#
.....§#.#.
#...##†#.##
......○([. #.C@†.#.#
......#.#. ##C##†#.#
..:B.##.## ## ####.
#.):# .###
#.#####.###.
#.....###.. ##
###.####.#. #..#
##..## ...#.#...#
#..#
......####[..)#.#.#
#...
#[....)..).#.##..


You could see 2 cyclopes.

Vanquished Creatures
  An entropy weaver (shapeshifter) (D:10)
  A hydra (D:11)
  A boulder beetle (D:11)
  2 two-headed ogres (D:11)
  A tengu warrior (D:11)
  A fire crab (shapeshifter) (D:11)
  Pikel (D:7)
  A deep elf pyromancer (D:11)
  2 cyclopes (D:11)
  Maggie (D:6)
  5 kobold demonologists (D:9)
  An unseen horror (shapeshifter) (D:11)
  4 trolls
  Grinder (D:4)
  A hornet (D:9)
  A slime creature (D:11)
  A shadow (D:9)
  2 wraiths
  3 wyverns
  6 yaks (D:11)
  Menkaure (D:7)
  2 acid dragons (D:10)
  A floating eye (D:11)
  Duvessa (D:6)
  A sky beast (D:7)
  4 black bears
  5 orc warriors
  3 centaurs
  A phantom (D:5)
  4 kobold brigands
  5 bullfrogs
  A gnoll sergeant (D:10)
  7 scorpions
  5 wights (D:9)
  Dowan (D:6)
  2 killer bees (D:9)
  7 howler monkeys
  3 electric eels (D:7)
  A jelly (D:4)
  6 orc priests
  8 hounds
  5 iguanas
  4 sleepcaps
  6 orc wizards
  13 gnolls
  4 shadow imps
  8 adders
  A white imp (D:3)
  An ufetubus (D:5)
  4 dart slugs
  39 orcs
  7 ball pythons
  2 bats
  5 endoplasms
  2 giant cockroaches
  7 goblins
  7 hobgoblins
  20 kobolds
  A quokka (D:1)
  3 frilled lizards
  A rat (D:2)
246 creatures vanquished.

Vanquished Creatures (collateral kills)
  A two-headed ogre (D:11)
  An ugly thing (D:11)
  An unseen horror (D:11)
  A hornet (D:9)
  A vampire mosquito (D:11)
  A centaur (D:9)
  2 kobold brigands (D:9)
  A gnoll sergeant (D:11)
  2 killer bees (D:9)
  2 orc wizards (D:11)
  4 kobolds (D:9)
17 creatures vanquished.

Grand Total: 263 creatures vanquished

Notes
Turn   | Place    | Note
-------+----------+-------------------------------------------
     0 | D:1      | Gargoyl the Gargoyle Berserker began the quest for the Orb.
     0 | D:1      | Reached XP level 1. HP: 14/14 MP: 1/1
   189 | D:1      | Reached skill level 3 in Axes
   189 | D:1      | Reached XP level 2. HP: 19/19 MP: 2/2
   397 | D:1      | You fall into a shaft and drop 1 floor!
   460 | D:2      | Reached XP level 3. HP: 21/23 MP: 3/3
  1042 | D:2      | Noticed a scorpion
  1056 | D:2      | Killed a scorpion
  1057 | D:2      | Reached skill level 4 in Axes
  1057 | D:2      | Reached XP level 4. HP: 13/29 MP: 4/4
  1071 | D:2      | Reached XP level 5. HP: 10/33 MP: 5/5
  1194 | D:2      | Reached ** piety under Trog
  1417 | D:2      | Found a hide-covered altar of Uskayaw.
  1552 | D:3      | Found Hekkoewi's General Store.
  1623 | D:3      | Reached XP level 6. HP: 31/39 MP: 6/6
  1667 | D:3      | Found Ceubbeso's Assorted Antiques.
  1743 | D:3      | Bought a scroll labelled ROODWOEJUGG for 20 gold pieces
  1743 | D:3      | Bought a scroll labelled NOPRA ECEALU for 20 gold pieces
  1771 | D:3      | Found Gesy's General Store.
  1779 | D:3      | Bought a scroll of teleportation for 36 gold pieces
  1804 | D:3      | Reached skill level 5 in Axes
  1999 | D:3      | Found Arumasua's Book Boutique.
  2012 | D:3      | Found Osooz's Armour Boutique.
  2088 | D:3      | Found a faded altar of an unknown god.
  2251 | D:4      | Found a radiant altar of Vehumet.
  2344 | D:4      | Identified the +8 spear of the Devouring Hero {antimagic,
                  | *Slow Fly rN++ Str-4}
  2516 | D:4      | Noticed Grinder
  2527 | D:4      | Reached XP level 7. HP: 44/44 MP: 7/7
  2528 | D:4      | Killed Grinder
  2529 | D:4      | Reached skill level 5 in Fighting
  2529 | D:4      | Reached skill level 1 in Shields
  3221 | D:5      | Entered Level 5 of the Dungeon
  3255 | D:5      | Reached skill level 6 in Axes
  3511 | D:5      | Reached XP level 8. HP: 49/49 MP: 8/8
  4200 | D:5      | Reached *** piety under Trog
  4299 | D:5      | Reached skill level 7 in Axes
  4299 | D:5      | Reached skill level 5 in Armour
  4645 | D:6      | Noticed Maggie
  4660 | D:6      | Killed Maggie
  4661 | D:6      | Reached XP level 9. HP: 53/56 MP: 9/9
  4666 | D:6      | Reached skill level 8 in Axes
  4924 | D:6      | Noticed Duvessa
  4934 | D:6      | Killed Duvessa
  4943 | D:6      | Noticed Dowan
  4959 | D:6      | Killed Dowan
  5295 | D:6      | Reached skill level 1 in Polearms
  5471 | D:7      | Reached **** piety under Trog
  5549 | D:7      | Noticed Menkaure
  5563 | D:7      | Killed Menkaure
  5564 | D:7      | Reached XP level 10. HP: 43/63 MP: 3/10
  5721 | D:7      | Found a shimmering altar of Xom.
  5731 | D:7      | Reached skill level 5 in Shields
  5870 | D:7      | Found a staircase to the Ecumenical Temple.
  5875 | D:7      | Noticed Pikel
  5898 | D:7      | Killed Pikel
  5899 | D:7      | Reached skill level 1 in Stealth
  6312 | D:9      | Found a staircase to the Orcish Mines.
  6348 | D:9      | Noticed a kobold demonologist
  6355 | D:9      | Noticed a kobold demonologist
  6357 | D:9      | Noticed a sun demon
  6359 | D:9      | Noticed an orange demon
  6360 | D:9      | Noticed a rust devil
  6367 | D:9      | Noticed a soul eater
  6472 | D:9      | Noticed a kobold demonologist
  6476 | D:9      | Noticed a kobold demonologist
  6479 | D:9      | Noticed a kobold demonologist
  6485 | D:9      | Killed a kobold demonologist
  6485 | D:9      | Noticed a smoke demon
  6486 | D:9      | Reached skill level 5 in Polearms
  6489 | D:9      | Noticed a rust devil
  6504 | D:9      | Killed a kobold demonologist
  6507 | D:9      | Noticed a rust devil
  6730 | D:9      | Found a shimmering blue altar of Sif Muna.
  6771 | D:9      | Noticed a soul eater
  6771 | D:9      | Killed a kobold demonologist
  6779 | D:9      | Killed a kobold demonologist
  6780 | D:9      | Reached XP level 11. HP: 68/68 MP: 3/11
  7329 | D:10     | Entered Level 10 of the Dungeon
  7352 | D:10     | a yak changed into an entropy weaver
  7352 | D:10     | Noticed an entropy weaver (shapeshifter)
  7369 | D:10     | Killed an entropy weaver
  8540 | D:11     | Noticed a cyclops
  8557 | D:11     | Killed a cyclops
  8558 | D:11     | Reached skill level 9 in Axes
  8703 | D:11     | Noticed a two-headed ogre
  8703 | D:11     | Noticed a brown ugly thing
  8709 | D:11     | Noticed a two-headed ogre
  8711 | D:11     | Killed a brown ugly thing
  8712 | D:11     | Reached skill level 5 in Dodging
  8714 | D:11     | Killed a two-headed ogre
  8718 | D:11     | Killed a two-headed ogre
  8741 | D:11     | Noticed a tengu warrior
  8794 | D:11     | Noticed a two-headed ogre
  8797 | D:11     | Paralysed by a floating eye for 3 turns
  8807 | D:11     | Killed a two-headed ogre
  8973 | D:11     | Found a portal to a secret trove of treasure.
  9095 | D:11     | Noticed a two-headed ogre
  9114 | D:11     | a two-headed ogre changed into a glowing shapeshifter
  9114 | D:11     | Noticed a glowing shapeshifter (glowing shapeshifter)
  9114 | D:11     | a glowing shapeshifter changed into a skyshark
  9114 | D:11     | Noticed a skyshark (glowing shapeshifter)
  9120 | D:11     | a skyshark changed into a swamp worm
  9123 | D:11     | a swamp worm changed into a skyshark
  9123 | D:11     | Noticed a skyshark (glowing shapeshifter)
  9131 | D:11     | a skyshark changed into a fire crab
  9131 | D:11     | Noticed a fire crab (glowing shapeshifter)
  9136 | D:11     | Killed a fire crab
  9137 | D:11     | Reached XP level 12. HP: 69/75 MP: 12/12
  9236 | D:11     | Identified the +4 arbalest of Experimentation {antimagic,
                  | Str+3}
  9236 | D:11     | Identified the +2 spear "Gimoyzum" {holy, rElec Will++}
  9277 | D:11     | Identified the +12 spear of Fidd {heavy, rF+ rCorr Str+2
                  | Dex-5}
  9389 | D:11     | Noticed a boulder beetle
  9458 | D:11     | Reached skill level 10 in Axes
  9482 | D:11     | Killed a boulder beetle
  9530 | D:11     | Noticed Urug
  9534 | D:11     | Noticed a five-headed hydra
  9702 | D:11     | Killed a one-headed hydra
  9746 | D:11     | Killed a tengu warrior
  9784 | D:11     | Slain by a cyclops

Illustrated notes

Levels and vault maps discovered:
D:1:      dpeg_arrival_three_smaller_balls, layout_loops_cross
D:2:      layout_basic, basic_altar
D:3:      layout_rooms, shapermc_ecumenical_altar_mp_urbaneastern, serial_shops,
          shop, nicolae_shop_stone, shop, nicolae_lakefront_shop, shop
D:4:      mumra_celtic_spiral_tile, layout_cave_pods, nicolae_vehumet_radiance,
          uniq_grinder
D:5:      minmay_diamond_boxcup, layout_basic, st_stairs_13
D:6:      layout_basic, uniq_maggie, uniq_duvessa
D:7:      layout_basic, xom_teletrap_fun, minmay_temple_entry_trees,
          serial_bayou, serial_bayou_lagoon_a, serial_bayou_pond_d,
          serial_bayou_ford_a, serial_bayou_pond_e, uniq_menkaure, uniq_pikel
D:8:      layout_cave_pools, nzn_wu_jian_council_hall, david_lair_generic
D:9:      layout_cross, led_sif_book, david_orc_2, serial_bayou_pond_a,
          eino_curves_02
D:10:     layout_loops_corners, evilmike_butchery
D:11:     minmay_the_grid_octo_tiled_octocenter [minmay_the_grid_octo_focus,
          minmay_the_grid_octo_odd_swirl, minmay_the_grid_octo_teeth,
          minmay_the_grid_octo_concentric, minmay_the_grid_octo_prize_big_c,
          minmay_the_grid_square_5x5_mess,
          minmay_the_grid_square_5x5_misaligned,
          minmay_the_grid_square_5x5_inner_v, minmay_the_grid_square_5x5_c],
          layout_rooms, enter_trove_0, uniq_urug

Skill      XL: |  1  2  3  4  5  6  7  8  9 10 11 12 |
---------------+-------------------------------------+-----
Axes           | 3 4 5 6 7 8 9 10 | 10.7
Fighting       | 4 5 6 7 8 9 |  9.1
Dodging        | 2 3 4 5 6 |  6.0
Armour         | 3 4 5 6 7 8 |  8.1
Shields        | 1 3 4 7 8 9 |  9.4
Polearms       | 3 5 6 |  6.3
Stealth        | 1 2 |  2.1
Long Blades    | |  0.2

Action                     |  1- 3 |  4- 6 |  7- 9 | 10-12 || total
---------------------------+-------+-------+-------+-------++-------
  Melee: Hand axe          |    68 |   163 |   223 |   394 ||   848
         Spear             |       |       |   147 |   327 ||   474
         Long sword        |       |       |       |     6 ||     6
 Invoke: Berserk           |     1 |     3 |     2 |    12 ||    18
         Trog's Hand       |       |     1 |     3 |    13 ||    17
         Brothers in Arms  |       |       |       |     2 ||     2
    Use: Scroll            |     1 |    10 |     4 |     5 ||    20
         Potion            |       |       |       |     7 ||     7
 Armour: Animal skin       |    16 |       |       |       ||    16
         Chain mail        |    31 |   111 |   174 |       ||   316
         Skin              |     3 |       |     1 |       ||     4
         Ring mail         |       |       |    56 |   536 ||   592
  Dodge: Dodged            |    47 |    58 |   119 |   397 ||   621
  Block: Kite shield       |       |    44 |   164 |   508 ||   716

Table legend: (Time is in decaauts)
 A = Elapsed time spent in this place.
 B = Non-inter-level travel time spent in this place.
 C = Inter-level travel time spent in this place.
 D = Time resting spent in this place.
 E = Time spent auto-exploring this place.
 F = Levels seen in this place.
 G = Mean time per level.
                   A        B        C        D        E       F      G
               +--------+--------+--------+--------+--------+-----+--------+
         Total |   9903 |   9670 |    233 |    457 |   6590 |  11 |  900.3 |
       Dungeon |   9903 |   9670 |    233 |    457 |   6590 |  11 |  900.3 |
               +--------+--------+--------+--------+--------+-----+--------+

Top non-repeatable levels by time:
     D:5: 1376 daAuts
    D:10: 1351 daAuts
     D:4: 1138 daAuts
    D:11: 1134 daAuts
     D:9: 1119 daAuts
     D:2: 837 daAuts
     D:7: 801 daAuts
     D:1: 732 daAuts
     D:3: 724 daAuts
     D:6: 601 daAuts
     D:8: 84 daAuts
